 Dungeon Crawl Stone Soup version 0.30-a0-959-g3818848631 (webtiles) character file.

Game seed: 15013717058272227414

93 Grim the Conjurer (level 4, -11/24 HPs)
             Began as a Deep Elf Conjurer on Mar 30, 2023.
             Killed from afar by Terence (19 damage)
             ... with a bolt of dispelling energy
             ... on level 3 of the Dungeon.
             The game lasted 00:04:13 (2268 turns).

Grim the Conjurer (Deep Elf Conjurer)               Turns: 2268, Time: 00:04:14

Health: -11/24     AC:  7    Str:  4    XL:     4   Next: 36%
Magic:  7/12       EV: 12    Int: 25    God:
Gold:   149        SH:  0    Dex: 13    Spells: 9/12 levels left

rFire   . . .      SeeInvis .    f - +0 short sword
rCold   . . .      Faith    .    (no shield)
rNeg    . . .      Spirit   .    a - +0 robe
rPois   .          Reflect  .    n - +0 helmet
rElec   .          Rampage  .    (no cloak)
rCorr   .                        i - +2 pair of gloves
Will    .....                    l - +0 pair of boots
Stlth   ++                       (no amulet)
HPRegen 0.24/turn                (no ring)
MPRegen 0.13/turn                (no ring)

@: no status effects
A: no striking features
a: no special abilities


You were on level 3 of the Dungeon.
You visited 1 branch of the dungeon, and saw 3 of its levels.

You collected 149 gold pieces.

Inventory:

Hand Weapons
 f - a +0 short sword (weapon)
Armour
 a - a +0 robe (worn)
 i - a +2 pair of gloves (worn)
 l - a +0 pair of boots (worn)
 n - a +0 helmet (worn)
Scrolls
 c - a scroll of vulnerability {unknown}
 g - a scroll of magic mapping {unknown}
 h - 2 scrolls of identify {unknown}
 p - a scroll of immolation {unknown}
Potions
 b - a potion of magic
 d - 2 potions of haste {unknown}
 e - a potion of attraction {unknown}
 j - a potion of heal wounds {unknown}
 k - 2 potions of berserk rage {unknown}
 m - a potion of degeneration {unknown}
 o - a potion of curing {unknown}
 q - 2 potions of ambrosia {unknown}


   Skills:
 - Level 2.4 Dodging
 - Level 2.4 Stealth
 + Level 4.9 Spellcasting
 + Level 5.5 Conjurations


You had 9 spell levels left.
You knew the following spells:

 Your Spells              Type           Power      Damage    Failure   Level
a - Magic Dart            Conj           100%       1d8       1%          1
b - Searing Ray           Conj           66%        2d6       1%          2

Your spell library contained the following spells:

 Spells                   Type           Power      Damage    Failure   Level
 Dazzling Flash           Conj/Hex       40%        N/A       8%          3
 Fulminant Prism          Conj/Hex       10%        3d9       26%         4
 Iskenderun's Mystic Bla  Conj/Tloc      20%        2d6       26%         4


Dungeon Overview and Level Annotations

Branches:
Dungeon (3/15)

Altars:

Shops:
D:1 ?

Annotations:
D:3 Terence


Message History

Aim: Terence, wielding a +4 mace of protection, wearing a +0 scale mail and carrying a wand of quicksilver (9) (100% to hit)
The magic dart hits Terence but does no damage.
The ball python hisses angrily.
The ball python attacks as you move away!
The ball python bites you but does no damage.
The ball python attacks as you move away!
The ball python bites you but does no damage.
The ball python attacks as you move away!
The ball python barely misses you.
Terence zaps a wand.
The bolt of dispelling energy misses the ball python.
The bolt of dispelling energy misses you.
You hear an angry hiss.
There is a stone staircase leading up here.
Casting: Magic Dart (safe; 1% risk of failure)
Confirm with . or Enter, or press ? or * to list all spells.
Aiming: Searing Ray (safe; 1% risk of failure)
Press: ? - help, Shift-Dir - straight line, f/p - Terence
Aim: Terence, wielding a +4 mace of protection, wearing a +0 scale mail and carrying a wand of quicksilver (8) (83% to hit)
The searing ray hits the ball python.
The ball python is severely wounded.
The searing ray hits Terence.
Terence is lightly wounded. (Press . to maintain the ray.)
The ball python bites you. The ball python grabs you.
The ball python constricts you.
The ball python bites you but does no damage.
The ball python constricts you.
The searing ray hits the ball python!
You kill the ball python!
The searing ray hits Terence!
Terence is heavily wounded.
Terence zaps a wand.
The bolt of dispelling energy hits you!
Ouch! That really hurt!
* * * LOW HITPOINT WARNING * * *
The searing ray hits Terence.
Terence is severely wounded.
Terence zaps a wand.
The bolt of dispelling energy hits you!!
Ouch! That really hurt!
You die...

#..............
#............
#......@...
#........#+#+#+#+
#$#.#.#.#.#
#.#@#.#.#.#
#.#.#.#.#.#
#.#.#.#†#.#
#.#.#.#.#@#
##.#.#.#.#.#
#.#.#.#.# #)#
##.#.#.> #.#
#.#.#.# #.#
##.#.# #.# .#.#
#.# .# #.


You could see Terence.

Vanquished Creatures
  Robin (D:2)
  An adder (D:2)
  A worm (D:2)
  2 dart slugs (D:1)
  7 ball pythons
  3 bats (D:1)
  3 endoplasms (D:2)
  2 giant cockroaches (D:2)
  10 goblins
  14 hobgoblins
  A frilled lizard (D:1)
  5 kobolds
  10 rats
60 creatures vanquished.

Notes
Turn   | Place    | Note
-------+----------+-------------------------------------------
     0 | D:1      | Grim the Deep Elf Conjurer began the quest for the Orb.
     0 | D:1      | Reached XP level 1. HP: 10/10 MP: 6/6
   157 | D:1      | Found Weklepsacs's Magic Scroll Emporium.
   172 | D:1      | Reached XP level 2. HP: 15/15 MP: 4/8
   175 | D:1      | Learned a level 2 spell: Searing Ray
   647 | D:1      | Reached skill level 5 in Conjurations
   647 | D:1      | Reached XP level 3. HP: 19/19 MP: 2/10
  1757 | D:2      | Reached XP level 4. HP: 24/24 MP: 7/12
  1765 | D:2      | Noticed Robin
  1910 | D:2      | Killed Robin
  2259 | D:3      | Noticed Terence
  2268 | D:3      | Killed from afar by Terence

Illustrated notes

Levels and vault maps discovered:
D:1:      dpeg_arrival_ratfight, layout_basic, serial_shops, shop, minmay_tall_x
D:2:      layout_loops_cross, kennysheep_big_empty_room, uniq_robin
D:3:      layout_basic, uniq_grinder, uniq_jessica, uniq_terence

Skill      XL: |  1  2 |
---------------+-------+-----
Spellcasting   | 4 |  4.9
Conjurations   | 5 |  5.5
Dodging        | |  2.4
Stealth        | |  2.4

Action                     |  1- 3 |  4- 6 || total
---------------------------+-------+-------++-------
  Melee: Short sword       |       |     6 ||     6
   Cast: Magic Dart        |    73 |    14 ||    87
         Searing Ray       |     3 |     3 ||     6
 Armour: Robe              |     2 |     7 ||     9
  Dodge: Dodged            |     5 |    13 ||    18

Table legend: (Time is in decaauts)
 A = Elapsed time spent in this place.
 B = Non-inter-level travel time spent in this place.
 C = Inter-level travel time spent in this place.
 D = Time resting spent in this place.
 E = Time spent auto-exploring this place.
 F = Levels seen in this place.
 G = Mean time per level.
                   A        B        C        D        E       F      G
               +--------+--------+--------+--------+--------+-----+--------+
         Total |   2268 |   2218 |     50 |    241 |   1694 |   3 |  756.0 |
       Dungeon |   2268 |   2218 |     50 |    241 |   1694 |   3 |  756.0 |
               +--------+--------+--------+--------+--------+-----+--------+

Top non-repeatable levels by time:
     D:2: 1246 daAuts
     D:1: 1002 daAuts
     D:3: 19 daAuts
